[ AOE2 MATCH · #495277940 ]
UnrankedBerbers vs Vietnamese
Player's team · WIN
Rival team · LOSS
[ REPLAY ANALYSIS · EXTRACTED FROM THE RECORDED GAME ]
Feudal
9:30
Castle
21:34
Imperial
—
| APM avg | 41.0 |
| APM peak | 87 |
| eAPM avg | 17.4 |
| Villagers / military | 117 / 53 |
Focus
⚔️ 26.5% · 🌾 73.5%
Knight ×26 · Skirmisher ×10 · Scout Cavalry ×9 · Camel Archer ×6 · Monk ×2
Feudal
10:01
Castle
23:46
Imperial
—
| APM avg | 59.1 |
| APM peak | 143 |
| eAPM avg | 25.0 |
| Villagers / military | 112 / 124 |
Focus
⚔️ 37.5% · 🌾 62.5%
Fire Lancer ×84 · Archer ×38 · Monk ×1 · Spearman ×1
Match map
Initial resources + every placement click. Lines = walls · curves = elevation contours. ◆ gold · ⬟ stone · ● berries · ✦ relic · ◌ wall gap
Your base· Open — unwalled flank
demichelis9's base· ✓ Closed at 23:46 · 16t walls · 1 gate(s)
Smoothed initial terrain · ◌ = detected wall gap · hover for details
Inputs per minute
— KLOAKAN - - demichelis9
Build order — KLOAKAN
First 150 of 287 actions detected
| 0:00 | Queue | Villager (Male) |
| 0:00 | Queue | Villager (Male) |
| 0:01 | Queue | Villager (Male) |
| 0:02 | Build | House |
| 0:03 | Build | House |
| 0:11 | Queue | Villager (Male) |
| 1:32 | Queue | Villager (Male) |
| 1:53 | Queue | Villager (Male) |
| 1:58 | Build | Lumber Camp |
| 2:29 | Queue | Villager (Male) |
| 2:58 | Queue | Villager (Male) |
| 2:59 | Queue | Villager (Male) |
| 3:46 | Queue | Villager (Male) |
| 3:54 | Build | House |
| 4:14 | Queue | Villager (Male) |
| 4:38 | Queue | Villager (Male) |
| 5:01 | Queue | Villager (Male) |
| 5:02 | Queue | Villager (Male) |
| 5:07 | Build | Mill |
| 5:36 | Queue | Villager (Male) |
| 5:50 | Queue | Villager (Male) |
| 6:29 | Research | Loom |
| 7:00 | Build | Lumber Camp |
| 7:20 | Research | Feudal Age |
| 7:47 | Build | House |
| 8:01 | Queue | Villager (Male) |
| 8:16 | Build | Barracks |
| 9:11 | Build | House |
| 9:30 | Age | Feudal Age |
| 9:34 | Build | Stable |
| 9:38 | Research | Double-Bit Axe |
| 9:52 | Queue | Villager (Male) |
| 10:11 | Research | Horse Collar |
| 10:16 | Queue | Villager (Male) |
| 10:23 | Build | Farm |
| 10:26 | Build | Farm |
| 10:32 | Queue | Scout Cavalry |
| 10:40 | Queue | Villager (Male) |
| 10:48 | Build | Farm |
| 10:55 | Build | Farm |
| 10:57 | Build | Farm |
| 11:14 | Build | Farm |
| 11:24 | Queue | Scout Cavalry |
| 11:33 | Build | Farm |
| 11:42 | Queue | Villager (Male) |
| 11:45 | Build | Farm |
| 11:48 | Build | Farm |
| 11:55 | Build | Farm |
| 12:06 | Queue | Scout Cavalry |
| 12:14 | Build | Farm |
| 12:25 | Queue | Villager (Male) |
| 12:34 | Queue | Villager (Male) |
| 12:40 | Queue | Scout Cavalry |
| 12:54 | Queue | Villager (Male) |
| 13:06 | Build | House |
| 13:08 | Research | Town Watch |
| 13:15 | Queue | Villager (Male) |
| 13:24 | Queue | Scout Cavalry |
| 13:40 | Build | House |
| 13:44 | Queue | Scout Cavalry |
| 13:52 | Queue | Villager (Male) |
| 14:03 | Build | Farm |
| 14:09 | Build | Farm |
| 14:11 | Queue | Villager (Male) |
| 14:21 | Build | Archery Range |
| 14:23 | Queue | Villager (Male) |
| 14:26 | Queue | Scout Cavalry |
| 14:39 | Build | Blacksmith |
| 14:45 | Queue | Villager (Male) |
| 14:48 | Queue | Scout Cavalry |
| 14:54 | Queue | Scout Cavalry |
| 15:14 | Queue | Villager (Male) |
| 15:31 | Queue | Skirmisher |
| 15:31 | Queue | Skirmisher |
| 15:34 | Build | Mining Camp |
| 15:46 | Queue | Villager (Male) |
| 15:46 | Queue | Villager (Male) |
| 15:57 | Build | Farm |
| 16:02 | Build | House |
| 16:07 | Research | Wheelbarrow |
| 16:09 | Queue | Skirmisher |
| 16:19 | Build | House |
| 16:20 | Build | House |
| 17:02 | Queue | Villager (Male) |
| 17:06 | Queue | Skirmisher |
| 17:16 | Research | Padded Archer Armor |
| 17:36 | Queue | Villager (Male) |
| 17:37 | Queue | Skirmisher |
| 17:38 | Queue | Skirmisher |
| 18:05 | Build | House |
| 18:07 | Queue | Skirmisher |
| 18:09 | Queue | Villager (Male) |
| 18:15 | Build | Farm |
| 18:16 | Build | Farm |
| 18:17 | Build | Farm |
| 18:36 | Build | Farm |
| 18:54 | Research | Castle Age |
| 19:19 | Research | Fletching |
| 19:24 | Queue | Skirmisher |
| 19:34 | Build | House |
| 19:53 | Research | Bloodlines |
| 20:15 | Build | House |
| 20:18 | Queue | Villager (Male) |
| 20:22 | Build | Stable |
| 20:30 | Research | Scale Barding Armor |
| 20:51 | Build | House |
| 20:54 | Queue | Skirmisher |
| 20:54 | Queue | Skirmisher |
| 21:34 | Age | Castle Age |
| 21:39 | Queue | Knight |
| 21:39 | Queue | Knight |
| 21:46 | Research | Chain Barding Armor |
| 21:47 | Queue | Villager (Male) |
| 21:59 | Build | House |
| 22:02 | Queue | Villager (Male) |
| 22:05 | Research | Bow Saw |
| 22:11 | Queue | Knight |
| 22:22 | Queue | Knight |
| 22:48 | Queue | Villager (Male) |
| 22:51 | Queue | Knight |
| 23:17 | Queue | Knight |
| 23:18 | Queue | Knight |
| 23:29 | Queue | Villager (Male) |
| 23:29 | Queue | Villager (Male) |
| 23:30 | Queue | Villager (Male) |
| 23:30 | Queue | Villager (Male) |
| 23:44 | Queue | Villager (Male) |
| 24:06 | Queue | Knight |
| 24:07 | Queue | Villager (Male) |
| 24:22 | Queue | Knight |
| 24:24 | Queue | Knight |
| 24:47 | Queue | Knight |
| 24:49 | Queue | Villager (Male) |
| 25:05 | Build | Town Center |
| 25:06 | Queue | Villager (Male) |
| 25:08 | Queue | Knight |
| 25:08 | Queue | Knight |
| 25:38 | Queue | Knight |
| 25:39 | Queue | Knight |
| 26:12 | Queue | Villager (Male) |
| 26:13 | Queue | Knight |
| 26:14 | Queue | Knight |
| 26:32 | Queue | Knight |
| 26:34 | Queue | Villager (Male) |
| 27:00 | Queue | Knight |
| 27:00 | Queue | Knight |
| 27:01 | Queue | Villager (Male) |
| 27:13 | Build | Town Center |
| 27:14 | Queue | Villager (Male) |
| 27:16 | Build | Farm |
Build order — demichelis9
First 150 of 355 actions detected
| 0:00 | Queue | Villager (Male) |
| 0:01 | Queue | Villager (Male) |
| 0:01 | Queue | Villager (Male) |
| 0:02 | Build | House |
| 0:03 | Build | House |
| 0:21 | Queue | Villager (Male) |
| 0:22 | Queue | Villager (Male) |
| 1:26 | Queue | Villager (Male) |
| 1:26 | Queue | Villager (Male) |
| 1:49 | Build | Lumber Camp |
| 1:50 | Queue | Villager (Male) |
| 1:50 | Queue | Villager (Male) |
| 2:20 | Queue | Villager (Male) |
| 2:21 | Queue | Villager (Male) |
| 2:49 | Queue | Villager (Male) |
| 3:10 | Queue | Villager (Male) |
| 3:10 | Queue | Villager (Male) |
| 3:12 | Build | House |
| 3:14 | Build | House |
| 3:18 | Build | House |
| 3:30 | Queue | Villager (Male) |
| 3:30 | Queue | Villager (Male) |
| 3:57 | Queue | Villager (Male) |
| 3:58 | Queue | Villager (Male) |
| 4:03 | Queue | Villager (Male) |
| 4:33 | Queue | Villager (Male) |
| 5:33 | Build | Mill |
| 5:40 | Queue | Villager (Male) |
| 5:41 | Queue | Villager (Male) |
| 5:43 | Queue | Villager (Male) |
| 5:43 | Queue | Villager (Male) |
| 5:43 | Queue | Villager (Male) |
| 5:46 | Queue | Villager (Male) |
| 5:46 | Queue | Villager (Male) |
| 6:16 | Queue | Villager (Male) |
| 6:16 | Queue | Villager (Male) |
| 6:36 | Queue | Villager (Male) |
| 6:36 | Queue | Villager (Male) |
| 7:03 | Research | Loom |
| 7:45 | Build | Lumber Camp |
| 7:51 | Research | Feudal Age |
| 8:32 | Build | Mining Camp |
| 8:35 | Queue | Villager (Male) |
| 8:40 | Build | Barracks |
| 8:44 | Build | House |
| 9:10 | Build | Palisade Wall |
| 9:40 | Build | House |
| 10:01 | Age | Feudal Age |
| 10:10 | Build | Archery Range |
| 10:13 | Queue | Spearman |
| 10:27 | Queue | Villager (Male) |
| 10:30 | Research | Double-Bit Axe |
| 10:41 | Queue | Villager (Male) |
| 11:01 | Build | Archery Range |
| 11:08 | Queue | Archer |
| 11:31 | Queue | Villager (Male) |
| 11:34 | Queue | Archer |
| 11:44 | Queue | Villager (Male) |
| 11:47 | Queue | Archer |
| 11:47 | Queue | Archer |
| 11:55 | Build | House |
| 11:56 | Build | House |
| 12:06 | Queue | Archer |
| 12:06 | Queue | Archer |
| 12:07 | Queue | Villager (Male) |
| 12:19 | Queue | Villager (Male) |
| 12:21 | Queue | Archer |
| 12:34 | Queue | Villager (Male) |
| 12:41 | Build | Blacksmith |
| 12:42 | Queue | Archer |
| 12:42 | Queue | Archer |
| 13:12 | Queue | Villager (Male) |
| 13:16 | Queue | Archer |
| 13:16 | Queue | Archer |
| 13:27 | Build | House |
| 13:28 | Build | House |
| 13:42 | Queue | Archer |
| 13:45 | Queue | Villager (Male) |
| 13:45 | Queue | Villager (Male) |
| 14:03 | Queue | Archer |
| 14:03 | Queue | Archer |
| 14:10 | Build | Farm |
| 14:13 | Queue | Archer |
| 14:13 | Queue | Archer |
| 14:29 | Build | Palisade Gate |
| 14:31 | Build | Palisade Wall |
| 14:34 | Build | House |
| 14:39 | Queue | Archer |
| 14:39 | Queue | Archer |
| 14:41 | Queue | Villager (Male) |
| 14:41 | Queue | Villager (Male) |
| 14:53 | Build | Farm |
| 15:05 | Queue | Villager (Male) |
| 15:06 | Queue | Archer |
| 15:07 | Queue | Archer |
| 15:27 | Queue | Villager (Male) |
| 15:34 | Build | House |
| 15:37 | Build | House |
| 15:38 | Build | House |
| 15:39 | Queue | Villager (Male) |
| 15:54 | Build | Farm |
| 15:59 | Build | Lumber Camp |
| 16:14 | Queue | Villager (Male) |
| 16:15 | Queue | Archer |
| 16:15 | Queue | Archer |
| 16:32 | Queue | Archer |
| 16:32 | Queue | Archer |
| 16:40 | Build | Farm |
| 16:48 | Build | Palisade Wall |
| 16:49 | Build | Palisade Wall |
| 16:56 | Build | Palisade Wall |
| 16:59 | Build | House |
| 17:03 | Build | House |
| 17:04 | Build | Palisade Wall |
| 17:07 | Research | Fletching |
| 17:07 | Research | Fletching |
| 17:09 | Queue | Villager (Male) |
| 17:16 | Build | Palisade Wall |
| 17:17 | Build | Palisade Wall |
| 17:19 | Build | Palisade Wall |
| 17:29 | Queue | Villager (Male) |
| 17:33 | Queue | Villager (Male) |
| 17:33 | Queue | Villager (Male) |
| 17:34 | Queue | Villager (Male) |
| 17:57 | Queue | Villager (Male) |
| 17:58 | Queue | Archer |
| 17:58 | Queue | Archer |
| 18:20 | Queue | Villager (Male) |
| 18:24 | Queue | Villager (Male) |
| 18:29 | Build | Farm |
| 18:36 | Queue | Villager (Male) |
| 18:36 | Queue | Archer |
| 18:37 | Queue | Archer |
| 18:43 | Queue | Villager (Male) |
| 18:43 | Queue | Villager (Male) |
| 18:56 | Build | House |
| 19:02 | Queue | Villager (Male) |
| 19:05 | Build | Farm |
| 19:05 | Build | Farm |
| 19:05 | Build | Farm |
| 19:05 | Build | Farm |
| 19:06 | Build | Farm |
| 19:22 | Build | Farm |
| 19:24 | Build | Farm |
| 19:28 | Build | Farm |
| 19:30 | Build | Farm |
| 19:32 | Queue | Villager (Male) |
| 19:40 | Queue | Archer |
| 19:40 | Queue | Archer |
| 19:45 | Build | House |
Match timeline
| 8:16 | KLOAKAN · first_building Barracks |
| 8:40 | demichelis9 · first_building Barracks |
| 9:10 | demichelis9 · wall_segment Palisade Wall x8 |
| 9:30 | KLOAKAN · age_up feudal |
| 9:34 | KLOAKAN · first_building Stable |
| 10:01 | demichelis9 · age_up feudal |
| 10:10 | demichelis9 · first_building Archery Range |
| 14:21 | KLOAKAN · first_building Archery Range |
| 14:31 | demichelis9 · wall_segment Palisade Wall x1 |
| 16:48 | demichelis9 · wall_segment Palisade Wall x1 |
| 16:49 | demichelis9 · wall_segment Palisade Wall x1 |
| 16:56 | demichelis9 · wall_segment Palisade Wall x1 |
| 17:04 | demichelis9 · wall_segment Palisade Wall x1 |
| 17:16 | demichelis9 · wall_segment Palisade Wall x1 |
| 17:17 | demichelis9 · wall_segment Palisade Wall x1 |
| 17:19 | demichelis9 · wall_segment Palisade Wall x1 |
| 21:34 | KLOAKAN · age_up castle |
| 23:46 | demichelis9 · age_up castle |
| 27:30 | demichelis9 · wall_segment Palisade Wall x2 |
| 27:37 | demichelis9 · wall_segment Palisade Wall x1 |
| 30:23 | KLOAKAN · first_building Monastery |
| 34:45 | KLOAKAN · first_building Castle |
| 36:07 | demichelis9 · first_building Monastery |
| 38:29 | demichelis9 · resign |
[ AI ANALYSIS · 1 CREDIT ]
What really happened in this match?
Wolo.gg analyzes every decision: build order, eco, micro, common mistakes by bracket. Personalized analysis on WhatsApp or Discord in 30 seconds.
Civ guide
Berbers
Perfil
Jugador #381421